 Dungeon Crawl Stone Soup version 0.28-a0-1638-g9123634e07 (webtiles) character file.

Game seed: 7601694398712576219

127 pascalblue the Digger (level 4, -1/24 HPs)
             Began as a Deep Elf Earth Elementalist on Jan 25, 2022.
             Succumbed to a kobold brigand's poison
             ... in a sewer.
             The game lasted 00:13:37 (3219 turns).

pascalblue the Digger (Deep Elf Earth Elementalist) Turns: 3219, Time: 00:13:38

Health: -1/24      AC:  2    Str:  5    XL:     4   Next: 85%
Magic:  12/12      EV: 12    Int: 22    God:
Gold:   68         SH:  0    Dex: 15    Spells: 7/11 levels left

rFire   . . .      SeeInvis +   c - +1 short sword (venom)
rCold   . . .      Faith    .   (no shield)
rNeg    . . .      Spirit   .   b - +0 robe
rPois   .          Reflect  .   (no helmet)
rElec   .          Harm     .   (no cloak)
rCorr   .          Rampage  .   (no gloves)
Will    .....                   (no boots)
Stlth   ++........              (no amulet)
HPRegen 0.08/turn               a - ring of see invisible
MPRegen 0.13/turn               (no ring)

@: brilliant, lethally poisoned (-1 -> -13)
A: no striking features
a: no special abilities


You were in a sewer.
You visited 1 branch of the dungeon, and saw 3 of its levels.
You also visited: Sewer.

You collected 68 gold pieces.

Inventory:

Hand Weapons
 c - a +1 short sword of venom (weapon)
 e - a +0 club
 i - a +0 short sword
Missiles
 d - 39 bolts
 f - 5 poisoned darts (quivered)
 h - 2 javelins
Armour
 b - a +0 robe (worn)
Jewellery
 a - a ring of see invisible (left hand)
Potions
 g - 2 potions of heal wounds {unknown}
 j - a potion of brilliance
 k - 2 potions of magic {unknown}


   Skills:
 - Level 2.4 Dodging
 - Level 2.4 Stealth
 + Level 4.3 Spellcasting
 + Level 1.7 Conjurations
 - Level 1.1 Transmutations
 * Level 5.1 Earth Magic


You had 7 spell levels left.
You knew the following spells:

 Your Spells              Type           Power      Damage    Failure   Level
a - Sandblast             Erth           82%        2d17      1%          1
b - Stone Arrow           Conj/Erth      58%        3d10      8%          3

Your spell library contained the following spells:

 Spells                   Type           Power      Damage    Failure   Level
 Passwall                 Tmut/Erth      22%        N/A       4%          2
 Petrify                  Tmut/Erth      27%        N/A       30%         4


Dungeon Overview and Level Annotations

Branches:
Dungeon (3/15)              Sewer (1/1)

Altars:
Ru


Message History

The kobold brigand throws a poisoned dart.
The poisoned dart hits you!
You are poisoned.
Throw: 7 darts (poison)
Press: ? - help, Q - select action, (/) - cycle Shift-Dir - straight line, f/p - kobold brigand
Aim: a kobold brigand, wielding a +0 short sword and quivering poisoned darts (50% to hit)
You throw a poisoned dart.
The poisoned dart barely misses the kobold brigand.
The poisoned dart closely misses the kobold.
You feel sick.
You feel sick.
You feel sick.
The kobold brigand throws a poisoned dart.
The poisoned dart hits you!
You are lethally poisoned!
You see here a rat corpse.
You feel very sick.
Things that are here:
a frilled lizard corpse; a rat corpse; a rat corpse
* * * LOW HITPOINT WARNING * * *
You feel sick.
Throw: 6 darts (poison)
Press: ? - help, Q - select action, (/) - cycle Shift-Dir - straight line, f/p - kobold brigand
Aim: a kobold brigand, wielding a +0 short sword and quivering poisoned darts (50% to hit)
You throw a poisoned dart.
The poisoned dart hits the kobold brigand.
* * * LOW HITPOINT WARNING * * *
You feel sick.
* * * LOW HITPOINT WARNING * * *
You feel sick.
The kobold brigand throws a poisoned dart.
The poisoned dart barely misses you.
The kobold throws a stone.
The stone barely misses you.
You feel clever all of a sudden.
* * * LOW HITPOINT WARNING * * *
You feel sick.
The kobold brigand throws a poisoned dart.
The poisoned dart hits you!
You are more poisoned.
You die...

#....#≈≈≈≈≈≈≈≈....
##..##≈≈≈≈≈≈≈.....
#K.##≈≈≈≈≈≈.....#
#K..##≈≈≈≈≈≈....#
##K...#≈≈≈≈≈≈...##
##†.....≈≈≈≈≈≈...##
#..†...≈≈≈≈≈≈≈..###
#..#...≈≈≈≈≈≈...###
#.@###..≈≈≈≈≈..).#.
#..###.≈≈≈≈≈≈......
#...#...≈≈≈≈≈≈.....
##.......≈≈≈≈≈....#
#.......≈≈≈......#
##.....≈≈≈........
#.....≈≈≈≈.......
#......≈≈≈......#
#......≈≈≈.....##


You could see a kobold brigand and 2 kobolds.

Vanquished Creatures
  Terence (D:2)
  2 adders
  3 river rats (Sewer)
  2 worms (D:2)
  An endoplasm (D:2)
  2 giant cockroaches (D:3)
  3 goblins
  A hobgoblin (D:2)
  8 kobolds
  6 quokkas
  5 ball pythons
  2 bats
  2 frilled lizards
  17 rats
55 creatures vanquished.

Notes
Turn   | Place    | Note
-------+----------+-------------------------------------------
     0 | D:1      | pascalblue the Deep Elf Earth Elementalist began the quest
                  | for the Orb.
     0 | D:1      | Reached XP level 1. HP: 10/10 MP: 6/6
   713 | D:2      | Found a faded altar of an unknown god.
   740 | D:2      | Reached XP level 2. HP: 15/15 MP: 2/8
   816 | D:2      | Found a sacrificial altar of Ru.
   910 | D:2      | Reached skill level 4 in Earth Magic
  1150 | D:2      | Reached XP level 3. HP: 19/19 MP: 8/10
  1378 | D:2      | Noticed Terence
  1388 | D:2      | Learned a level 3 spell: Stone Arrow
  1399 | D:2      | Killed Terence
  1775 | D:3      | Reached skill level 1 in Conjurations
  1780 | D:3      | Found a glowing drain.
  1796 | D:3      | Reached XP level 4. HP: 21/24 MP: 8/12
  1803 | Sewer    | Entered a sewer
  2634 | Sewer    | Reached skill level 5 in Earth Magic
  3202 | Sewer    | Noticed a kobold brigand
  3219 | Sewer    | Succumbed to a kobold brigand's poison

Illustrated notes

Levels and vault maps discovered:
D:1:      minmay_arrival_split_and_join, layout_loops_ring,
          minmay_misc_feat_ornament
D:2:      layout_rooms, basic_altar, nicolae_ecumenical_pavilion, minivault_11,
          minmay_misc_feat_pillars, minmay_stone_trees_medium,
          roderic_cross_of_infinity, uniq_terence
D:3:      layout_rooms, nicolae_overflow_ecumenical_swirl, gup_sewer_entry_pipe
Sewer:    sewer_minmay_treatment

Skill      XL: |  1  2  3  4 |
---------------+-------------+-----
Earth Magic    | 4 5 |  5.1
Spellcasting   | 4 |  4.3
Conjurations   | 1 |  1.7
Dodging        | |  2.4
Stealth        | |  2.4
Transmutations | |  1.1

Action                   |  1- 3 |  4- 6 || total
-------------------------+-------+-------++-------
Melee: Short sword       |    24 |    64 ||    88
Throw: Dart              |       |    15 ||    15
 Cast: Sandblast         |    42 |     6 ||    48
       Stone Arrow       |       |     2 ||     2
  Use: Scroll            |     3 |       ||     3
       Potion            |       |     2 ||     2
 Stab: Sleeping          |       |     2 ||     2
Armor: Robe              |     9 |    10 ||    19
Dodge: Dodged            |    20 |    67 ||    87

Table legend: (Time is in decaauts)
 A = Elapsed time spent in this place.
 B = Non-inter-level travel time spent in this place.
 C = Inter-level travel time spent in this place.
 D = Time resting spent in this place.
 E = Time spent auto-exploring this place.
 F = Levels seen in this place.
 G = Mean time per level.
                   A        B        C        D        E       F      G
               +--------+--------+--------+--------+--------+-----+--------+
         Total |   3240 |   3143 |     97 |    938 |   1451 |   4 |  810.0 |
       Dungeon |   1810 |   1713 |     97 |     58 |   1367 |   3 |  603.3 |
         Sewer |   1430 |   1430 |      0 |    880 |     84 |   1 | 1430.0 |
               +--------+--------+--------+--------+--------+-----+--------+

Top non-repeatable levels by time:
   Sewer: 1430 daAuts
     D:2: 1035 daAuts
     D:1: 712 daAuts
     D:3: 62 daAuts
